 Dungeon Crawl Stone Soup version 0.23-a0-484-g29ba69c (webtiles) character file.

6840 MisterFreud the Cleaver (level 11, -1/102 HPs)
             Began as a Hill Orc Gladiator on Nov 30, 2018.
             Was an Elder of Beogh.
             Splashed by Erica's acid (14 damage)
             ... on level 9 of the Dungeon.
             The game lasted 00:20:37 (12555 turns).

MisterFreud the Cleaver (Hill Orc Gladiator)       Turns: 12555, Time: 00:20:38

Health: -1/102     AC: 18    Str: 24    XL:     11   Next: 5%
Magic:  11/11      EV:  8    Int:  8    God:    Beogh [****..]
Gold:   373        SH:  0    Dex: 12    Spells: 10/10 levels left

rFire    . . .     SeeInvis .   a - +1 war axe
rCold    . . .     Gourm    .   (no shield)
rNeg     . . .     Faith    +   F - +0 plate armour
rPois    .         Spirit   .   c - +1 helmet
rElec    .         Reflect  .   P - +0 cloak
rCorr    .         Harm     .   (no gloves)
MR       .....                  (no boots)
Stlth    ..........             R - amulet of faith
HPRegen  0.27/turn              D - +3 ring of strength
MPRegen  0.12/turn              E - ring of wizardry

@: confused, lethally poisoned (-1 -> -5)
A: no striking features
a: Smiting, Recall Orcish Followers, Renounce Religion


You were on level 9 of the Dungeon.
You worshipped Beogh.
Beogh was greatly pleased with you.
You were hungry.

You visited 1 branch of the dungeon, and saw 9 of its levels.
You also visited: Sewer.

You collected 373 gold pieces.

Inventory:

Hand Weapons
 a - a +1 war axe (weapon)
 g - a +0 hunting sling
Missiles
 d - 5 throwing nets
 i - 309 stones (quivered)
 j - 86 sling bullets
 m - 27 poisoned needles
 p - 2 needles of confusion
 q - 117 arrows
 I - 34 bolts
Armour
 b - a +0 leather armour
 c - a +1 helmet (worn)
 l - a +0 large shield
 z - a +0 shield
 F - a +0 plate armour (worn)
 P - a +0 cloak (worn)
Jewellery
 D - a +3 ring of strength (left hand)
 E - a ring of wizardry (right hand)
 R - an amulet of faith (around neck)
Wands
 n - a wand of clouds (6)
 G - a wand of digging (9)
 H - a wand of flame (11)
 N - a wand of iceblast (6)
Scrolls
 h - a scroll of fog {unknown}
 k - 4 scrolls of remove curse
 t - 2 scrolls of enchant armour
 u - a scroll of noise {unknown}
 v - 5 scrolls of enchant weapon
 x - 5 scrolls of teleportation
 y - a scroll of magic mapping
 A - a scroll of immolation {unknown}
 L - a scroll of blinking
 M - a scroll of random uselessness
 Q - a scroll of silence {unknown}
Potions
 e - a potion of degeneration {unknown}
 o - a potion of might {unknown}
 r - a potion of cancellation {unknown}
 s - a potion of curing {unknown}
 w - 4 potions of resistance
 B - a potion of magic {unknown}
 C - a potion of brilliance {unknown}
 J - a potion of mutation {unknown}
 O - a potion of ambrosia
Comestibles
 f - 25 rations


   Skills:
 + Level 11.1 Fighting
 + Level 12.8 Axes
 - Level 1.7 Throwing
 - Level 10.7 Armour
 - Level 2.4 Dodging


You had 10 spell levels left.
You didn't know any spells.
Your spell library was empty.

Dungeon Overview and Level Annotations

Branches:
Dungeon (9/15)             Temple (0/1) D:4
   Lair: D:8-11         Orc: D:9-12

Altars:
Dithmenos
Elyvilon
Kikubaaqudgha
Nemelex Xobeh
Qazlal
Ru
Vehumet
Xom

Annotations:
D:9 Erica


Message History

A worker ant comes into view.
Something hits you but does no damage.
You hit something.
You feel sick.
You hit something. Something hits you but does no damage.
You hit something.
You feel sick.
You hear a zap.
A bolt of acid appears from out of thin air!
The bolt of acid hits you!
* * * LOW HITPOINT WARNING * * *
You are splashed with acid!
The acid burns!
* * * LOW HITPOINT WARNING * * *
It was a potion of ambrosia.
You are confused.
You feel invigorated.
You feel sick.
You hear a zap.
A bolt of acid appears from out of thin air!
The bolt of acid hits you!
* * * LOW HITPOINT WARNING * * *
You are splashed with acid!
The acid burns!
You die...

...#...........#
.#.........##...######
#..#.................
#....................
#..#.#.#.#####.#####
#...#........o..... .
#..#...#####.##### ..@
#..#...#####.##
_....#@o...†<..........
8.)..a{..#.#).####.#####
._....#..#.#..# #.#
......#..#.#..# #.#
..... #........ ...
....# ..##..##.# #.#
...# ..###..# .# #.. .##
.# #..# .. .# #.. ...


You could see a worker ant and a friendly orc warrior.

Vanquished Creatures
  Harold (D:9)
  A two-headed ogre (D:7)
  Psyche (D:8)
  Grinder (D:5)
  A hippogriff (D:7)
  2 wyverns (D:9)
  4 hogs (D:7)
  A human (D:7)
  Menkaure (D:4)
  A water moccasin (D:8)
  2 orc warriors
  2 ice beasts
  2 sky beasts (D:6)
  2 black bears
  Purgy (Sewer)
  A phantom (D:6)
  A necrophage (D:7)
  5 ogres
  2 centaurs
  4 bullfrogs
  A gnoll sergeant (D:7)
  12 killer bees
  2 crimson imps
  A centaur zombie (D:6)
  A bullfrog zombie (D:7)
  A quasit (D:7)
  A bullfrog skeleton (D:6)
  Crazy Yiuf (D:7)
  A gnoll shaman (D:6)
  An orc priest (D:9)
  4 hounds
  3 orc wizards
  A centaur skeleton (D:9)
  Jessica (D:2)
  Ijyb (D:2)
  Natasha (thrice) (D:3)
  7 worker ants
  A hound zombie (D:6)
  A hound skeleton (D:7)
  A worker ant zombie (D:8)
  25 gnolls
  11 adders
  2 oozes
  3 adder zombies
  An adder skeleton (D:4)
  3 worms
  3 dart slugs
  4 leopard geckos
  15 orcs
  6 ball pythons
  7 bats
  7 giant cockroaches
  14 goblins
  8 hobgoblins
  3 jackals (D:3)
  8 kobolds
  7 quokkas
  4 frilled lizards
  A jackal skeleton (D:6)
  A jackal zombie (D:9)
  7 rats
221 creatures vanquished.

Vanquished Creatures (collateral kills)
  A centaur (D:9)
  2 centaur zombies (D:9)
  An adder (D:9)
4 creatures vanquished.

Vanquished Creatures (others)
  An ice beast (D:8)
  A killer bee (D:8)
  A shadow imp (D:9)
  3 orcs (D:9)
6 creatures vanquished.

Grand Total: 231 creatures vanquished

Notes
Turn   | Place    | Note
-------+----------+-------------------------------------------
     0 | D:1      | MisterFreud the Hill Orc Gladiator began the quest for the
                  | Orb.
     0 | D:1      | Reached XP level 1. HP: 18/18 MP: 1/1
   100 | D:1      | Reached XP level 2. HP: 25/25 MP: 2/2
   300 | D:1      | Reached skill level 5 in Axes
   688 | D:1      | Reached XP level 3. HP: 26/30 MP: 3/3
  1088 | D:2      | Noticed Jessica
  1094 | D:2      | Killed Jessica
  1094 | D:2      | Reached skill level 6 in Axes
  1487 | D:2      | Reached XP level 4. HP: 36/37 MP: 4/4
  1733 | D:2      | Noticed Ijyb
  1754 | D:2      | Killed Ijyb
  1754 | D:2      | Reached skill level 7 in Axes
  2027 | D:2      | Reached XP level 5. HP: 42/42 MP: 5/5
  2736 | D:3      | Noticed Natasha
  2744 | D:3      | Killed Natasha
  2807 | D:3      | Noticed Natasha
  2822 | D:3      | Killed Natasha
  2822 | D:3      | Reached skill level 8 in Axes
  3396 | D:3      | Reached XP level 6. HP: 48/50 MP: 6/6
  3869 | D:3      | Noticed Natasha
  3880 | D:3      | Killed Natasha
  3880 | D:3      | Reached skill level 9 in Axes
  4075 | D:3      | Found an ancient bone altar of Kikubaaqudgha.
  4078 | D:3      | Found a white marble altar of Elyvilon.
  4655 | D:4      | Became a worshipper of Beogh the Brigand
  4733 | D:4      | Found a staircase to the Ecumenical Temple.
  4940 | D:4      | Reached skill level 10 in Axes
  4940 | D:4      | Reached XP level 7. HP: 38/56 MP: 7/7
  4941 | D:4      | Noticed Menkaure
  4947 | D:4      | Killed Menkaure
  5345 | D:5      | Entered Level 5 of the Dungeon
  5700 | D:5      | Reached skill level 5 in Fighting
  5910 | D:5      | Noticed Grinder
  5922 | D:5      | Killed Grinder
  5922 | D:5      | Reached XP level 8. HP: 12/71 MP: 8/8
  6734 | D:6      | Reached skill level 1 in Armour
  6734 | D:6      | Reached * piety under Beogh
  6813 | D:6      | Found a glowing drain.
  6827 | Sewer    | Entered a sewer
  7093 | Sewer    | Noticed Purgy
  7101 | Sewer    | Killed Purgy
  7362 | D:6      | Found a sacrificial altar of Ru.
  7933 | D:6      | Reached skill level 5 in Armour
  8241 | D:6      | Reached XP level 9. HP: 58/81 MP: 9/9
  9242 | D:7      | Found a stormy altar of Qazlal.
  9291 | D:7      | Reached ** piety under Beogh
 10051 | D:7      | Noticed a two-headed ogre
 10061 | D:7      | Killed a two-headed ogre
 10061 | D:7      | Reached skill level 10 in Armour
 10061 | D:7      | Reached XP level 10. HP: 44/88 MP: 10/10
 10373 | D:7      | Found a runed door.
 10660 | D:7      | Noticed Crazy Yiuf
 10697 | D:7      | Killed Crazy Yiuf
 10754 | D:8      | Reached skill level 11 in Axes
 11090 | D:8      | Found a sparkling altar of Nemelex Xobeh.
 11303 | D:8      | Reached *** piety under Beogh
 11349 | D:8      | Noticed Psyche
 11362 | D:8      | Killed Psyche
 11736 | D:8      | Found a radiant altar of Vehumet.
 12059 | D:9      | Reached skill level 10 in Fighting
 12160 | D:9      | Reached skill level 12 in Axes
 12512 | D:9      | Noticed Harold
 12527 | D:9      | Killed Harold
 12527 | D:9      | Reached XP level 11. HP: 61/101 MP: 11/11
 12532 | D:9      | Reached **** piety under Beogh
 12542 | D:9      | Found a shimmering altar of Xom.
 12542 | D:9      | Found a shadowy altar of Dithmenos.
 12542 | D:9      | Noticed Erica
 12555 | D:9      | Splashed by Erica's acid

Vault maps used:
D:1:      lemuel_arrival_river_ford, minmay_pentomino_r2
D:2:      kennysheep_the_goblin_king, kennysheep_generic_room_6, uniq_jessica
D:3:      minitemple, uniq_natasha
D:4:      minmay_temple_entry_poolview, first_ration, minmay_misc_feat_plants,
          uniq_menkaure
D:5:      uniq_grinder
D:6:      kennysheep_spiral_hall, hangedman_ru_absence, portal_sewer_entry_d,
          grunt_ministairs_14
D:7:      black_bear_nest_1, old_standard_altar, grunt_livestock,
          uniq_crazy_yiuf_cottage
D:8:      kennysheep_mini, fiery_altar_vehumet, uniq_psyche
D:9:      minmay_the_grid_octo_tiled_squarecenter,
          chequers_temple_overflow_minitemple, uniq_erica, uniq_harold
Sewer:    kennysheep_door_sewer

Skill      XL: |  1  2  3  4  5  6  7  8  9 10 11 |
---------------+----------------------------------+-----
Axes           | 5 6 7 8 10 12 | 12.8
Fighting       | 6 8 10 11 | 11.1
Armour         | 6 10 | 10.7
Throwing       | |  1.7
Dodging        | |  2.4

Action                   |  1- 3 |  4- 6 |  7- 9 | 10-12 || total
-------------------------+-------+-------+-------+-------++-------
Melee: War axe           |    77 |   217 |   357 |   264 ||   915
Throw: Stone             |       |     4 |       |       ||     4
       Throwing net      |       |       |       |     1 ||     1
Invok: Convert to Beogh  |       |     1 |       |       ||     1
Evoke: Wand              |       |       |       |     1 ||     1
  Use: Scroll            |     4 |     1 |     5 |     1 ||    11
       Potion            |       |     3 |     3 |     4 ||    10
 Stab: Sleeping          |       |     1 |       |       ||     1
       Held in net/web   |       |       |       |     1 ||     1
  Eat: Chunk             |     2 |    11 |    16 |     8 ||    37
Armor: Leather armour    |    20 |    51 |    48 |       ||   119
       Skin              |       |     2 |    16 |     7 ||    25
       Plate armour      |       |       |    69 |   177 ||   246
Dodge: Dodged            |    42 |   140 |   202 |   119 ||   503

Table legend:
 A = Non-vault XP
 B = Vault XP
 C = Vault XP percentage of total XP
 D = Non-vault monster count
 E = Vault monster count
 F = Vault count percentage of total count
                 A         B        C        D         E       F
            +---------+---------+-------+---------+---------+-------
      Total |    6098 |    3674 |  37.6 |     184 |      41 |  18.2
            +---------+---------+-------+---------+---------+-------
        D:1 |      32 |       3 |   8.6 |      15 |       2 |  11.8
        D:2 |      54 |     101 |  65.2 |      14 |      10 |  41.7
        D:3 |     190 |      35 |  15.6 |      35 |       1 |   2.8
        D:4 |     260 |     175 |  40.2 |      13 |       1 |   7.1
        D:5 |     130 |     277 |  68.1 |       9 |       1 |  10.0
        D:6 |    1198 |     147 |  10.9 |      33 |       3 |   8.3
        D:7 |    1994 |    1171 |  37.0 |      24 |       7 |  22.6
        D:8 |     969 |     454 |  31.9 |      24 |       1 |   4.0
        D:9 |    1271 |    1177 |  48.1 |      17 |       9 |  34.6
      Sewer |       0 |     134 | 100.0 |       0 |       6 | 100.0
            +---------+---------+-------+---------+---------+-------
